 Dungeon Crawl Stone Soup version 0.26-a0-259-g1effd001a9 (webtiles) character file.

Game seed: 4131714111463901192

136 Goblin1989 the Ruffian (level 4, -1/45 HPs)
             Began as a Troll Fighter on July 14, 2020.
             Killed by divine providence
             ... invoked by an orc priest
              (13 damage)
             ... on level 3 of the Dungeon.
             The game lasted 00:03:28 (2081 turns).

Goblin1989 the Ruffian (Troll Fighter)              Turns: 2081, Time: 00:03:28

Health: -1/45      AC:  5    Str: 24    XL:     4   Next: 98%
Magic:  3/3        EV:  8    Int:  5    God:
Gold:   120        SH:  9    Dex:  9    Spells: 3/3 levels left

rFire    . . .     SeeInvis .     - Unarmed
rCold    . . .     Faith    .   b - +0 kite shield
rNeg     . . .     Spirit   .   l - -1 robe (curse)
rPois    .         Reflect  .   (helmet restricted)
rElec    .         Harm     .   (no cloak)
rCorr    .                      (gloves unavailable)
MR       .....                  (boots unavailable)
Stlth    +.........             f - amulet of magic regeneration
HPRegen  0.55/turn              (no ring)
MPRegen  0.33/turn              (no ring)

@: no status effects
A: large, unfitting armour, claws 3, fast metabolism 1, regeneration 1, shaggy
fur 1, tough skin 3
a: no special abilities


You were on level 3 of the Dungeon.
You were not hungry.

You visited 1 branch of the dungeon, and saw 3 of its levels.

You collected 120 gold pieces.

Inventory:

Armour
 a - a +0 robe
 b - a +0 kite shield (worn)
 l - a cursed -1 robe (worn)
Jewellery
 f - an amulet of magic regeneration (around neck)
Scrolls
 g - 2 scrolls of enchant armour {unknown}
 i - a scroll of fear {unknown}
 j - 4 scrolls of identify {unknown}
 n - a scroll of enchant weapon {unknown}
 o - a scroll of remove curse {unknown}
 p - a scroll of immolation {unknown}
Potions
 c - a potion of might {@q4}
 h - 3 potions of curing {@q1}
 k - a potion of resistance {unknown}
 m - 2 potions of brilliance {unknown}
 q - a potion of berserk rage {unknown}
 r - a potion of invisibility {unknown}
Comestibles
 e - 16 rations


   Skills:
 + Level 3.0 Fighting
 + Level 3.0 Dodging
 + Level 3.0 Shields
 * Level 3.6 Unarmed Combat


You had 3 spell levels left.
You didn't know any spells.
Your spell library was empty.

Dungeon Overview and Level Annotations

Branches:
Dungeon (3/15)

Altars:
Yredelemnul


Innate Abilities, Weirdness & Mutations

You are too large for most types of armour.
You have claws for hands.
You have a fast metabolism.
Your natural rate of healing is unusually fast.
You are covered in fur. (AC +1)
You have extremely tough skin. (AC +3)


Message History

You don't know any spells.
You don't know any spells.
There is an open door here.
The jackal barely misses you.
You barely miss the jackal. You block the jackal's attack.
You scratch the jackal.
The jackal is heavily wounded.
The jackal barely misses you.
You closely miss the jackal.
The jackal is moderately wounded.
You block the goblin's attack. You block the jackal's attack.
You scratch the jackal.
You kill the jackal!
Your Shields skill increases to level 3!
You block the goblin's attack.
You claw the goblin!
You kill the goblin!
The jackal bites you.
You take 1 damage, and have 30/45 hp.
You closely miss the jackal. You block the jackal's attack.
You barely miss the jackal. You block the jackal's attack.
The jackal barely misses you.
You claw the jackal!
You kill the jackal!
You scratch the kobold.
You kill the kobold!
An orc comes into view. It is wielding a +0 flail.
A kobold comes into view. It is wielding a +0 club.
The kobold throws a stone.
You block the stone.
There is an open door, spattered with blood here.
Things that are here:
20 stones {@Q3}; a +0 dagger; a kobold corpse The kobold shouts!
The orc shouts!
You block the kobold's attack.
You scratch the kobold.
The kobold is heavily wounded.
A kobold comes into view.
The kobold barely misses you.
You scratch the kobold.
You kill the kobold!
An orc comes into view.
An orc wizard comes into view. It is wielding a +0 dagger.
The orc hits you with a +0 flail.
An orc priest comes into view. It is wielding a +0 hand axe.
Things that are here:
11 stones {@Q3}; a kobold corpse You take 1 damage, and have 34/45 hp.
You barely miss the orc.
The orc shouts!
You hear a shout!
The kobold hits you with a +0 club. The orc closely misses you.
An orc comes into view. It is wielding a +0 club.
You hear a shout!
You take 2 damage, and have 32/45 hp.
The orc priest shouts!
You claw the orc!
You kill the orc!
A bat comes into view.
The kobold hits you but does no damage.
You claw the kobold!
You kill the kobold!
The orc priest begins to cast a cantrip, but forgets the words!
You block the kobold's attack.
A kobold comes into view. It is wielding a +0 club.
Your shield prevents you from hitting the kobold.
The bat hits you but does no damage. The kobold barely misses you.
You claw the kobold!
You kill the kobold!
The bat hits you but does no damage.
You claw the bat!
You kill the bat!
The orc priest calls down the wrath of Beogh upon you.
Beogh smites you!
* * * LOW HITPOINT WARNING * * *
You take 14 damage, and have 20/45 hp.
MASSIVE DAMAGE!!
You are too injured to fight recklessly!
You are too injured to fight recklessly!
You are too injured to fight recklessly!
You are too injured to fight recklessly!
You are too injured to fight recklessly!
Unknown command.
There is an open door, spattered with blood here.
Things that are here:
20 stones {@Q3}; a +0 dagger; a kobold corpse The orc wizard mumbles some strange words.
The orc wizard flickers and vanishes!
Deactivating autopickup; reactivate with Ctrl-A.
The orc priest looks encouraged for a moment.
There is a large open door here.
The orc priest invokes the aid of Beogh against you.
Beogh smites you!
* * * LOW HITPOINT WARNING * * *
You take 15 damage, and have 9/45 hp.
MASSIVE DAMAGE!!
You enter the shallow water.
Moving in this stuff is going to be slow.
The orc priest begins to cast a cantrip, but forgets the words!
The orc hits you.
* * * LOW HITPOINT WARNING * * *
The orc priest calls down the wrath of Beogh upon you.
Beogh smites you!
You die...

≈≈≈≈≈≈≈≈≈≈≈≈..o.≈≈≈≈≈≈≈≈≈≈≈≈≈≈≈≈≈
≈≈≈≈≈≈≈≈≈≈≈≈...o≈≈≈≈≈≈≈≈≈≈≈≈≈≈≈≈≈
≈≈≈≈≈≈≈≈≈≈≈.....≈≈≈≈≈≈≈≈≈≈≈≈≈≈≈≈≈
≈≈..≈≈..≈.≈≈....{≈≈≈.≈.≈.≈.≈.≈≈..
.................................
.........(.......................
.█...███(.(.████o███..█>.......██
.█....██(█..████.████......██████
█████.██)█......@........███ █
.█....██.█...............████████
.█>█████.████████.█████)((((...).
.█....██)█ █.█ █..████████
....█.██.█ █.█ █..█ █ .██.█.██(██
█.█ █..█ █ ....█...█(███████.█
█..████████ .█████.███........█
█.......... ....█...█...███████
█.█████████


You could see an orc priest and an orc.

Vanquished Creatures
  Terence (D:2)
  An adder (D:3)
  An ooze (D:3)
  2 worms (D:2)
  3 leopard geckos
  2 orcs (D:3)
  A ball python (D:3)
  7 bats
  3 giant cockroaches
  10 hobgoblins
  4 jackals
  6 frilled lizards
  11 goblins
  24 kobolds
  5 rats
81 creatures vanquished.

Notes
Turn   | Place    | Note
-------+----------+-------------------------------------------
     0 | D:1      | Goblin1989 the Troll Fighter began the quest for the Orb.
     0 | D:1      | Reached XP level 1. HP: 22/22 MP: 0/0
   167 | D:1      | Reached XP level 2. HP: 29/29 MP: 1/1
   700 | D:2      | Reached XP level 3. HP: 33/36 MP: 2/2
   782 | D:2      | Noticed Terence
   793 | D:2      | Killed Terence
   910 | D:2      | Reached XP level 4. HP: 43/44 MP: 3/3
  1685 | D:3      | Found a basalt altar of Yredelemnul.
  2081 | D:3      | Killed from afar by an orc priest

Illustrated notes

Levels and vault maps discovered:
D:1:      dpeg_arrival_shrine, layout_loops_cross
D:2:      layout_loops_cross, first_ration, uniq_terence
D:3:      minmay_goblin_kobold_castle, layout_loops_ring, lemuel_round_altar,
          serial_bayou_pond_c, grunt_ministairs_12, nemelex_dance_club_becter

Skill      XL: |  1  2  3  4 |
---------------+-------------+-----
Unarmed Combat | 3 |  3.6
Dodging        | 3 |  3.0
Fighting       | 3 |  3.0
Shields        | 3 |  3.0

Action                   |  1- 3 |  4- 6 || total
-------------------------+-------+-------++-------
Melee: Unarmed           |    93 |   112 ||   205
  Eat: Ration            |     1 |     1 ||     2
Armor: Robe              |    23 |    48 ||    71
Dodge: Dodged            |    21 |    36 ||    57
Block: Kite shield       |    31 |    70 ||   101

Table legend:
 A = Non-vault XP
 B = Vault XP
 C = Vault XP percentage of total XP
 D = Non-vault monster count
 E = Vault monster count
 F = Vault count percentage of total count
                 A         B        C        D         E       F
            +---------+---------+-------+---------+---------+-------
      Total |     125 |      70 |  35.9 |      61 |      20 |  24.7
            +---------+---------+-------+---------+---------+-------
        D:1 |      39 |       0 |   0.0 |      23 |       0 |   0.0
        D:2 |      44 |      36 |  45.0 |      21 |       1 |   4.5
        D:3 |      42 |      34 |  44.7 |      17 |      19 |  52.8
            +---------+---------+-------+---------+---------+-------
